 Dungeon Crawl Stone Soup version 0.31-a0-355-g57cb03d3e8 (webtiles) character file.

Game seed: 15080853528171462581

5289 Dordric the Grappler (level 10, -1/71 HPs)
             Began as a Minotaur Shapeshifter on July 24, 2023.
             Was a Priest of Trog.
             Slain by an unseen horror (9 damage)
             ... on level 8 of the Dungeon.
             The game lasted 00:12:14 (8102 turns).

Dordric the Grappler (Minotaur Shapeshifter)        Turns: 8102, Time: 00:12:16

Health: -1/71      AC:  7    Str: 20    XL:     10   Next: 37%
Magic:  9/9        EV: 11    Int:  5    God:    Trog [***...]
Gold:   303        SH:  0    Dex: 15    Spells: 9/9 levels left

rFire   . .          .
                       - Unarmed
rCold   . . .        (no shield)
rNeg    . . .        A - +2 ring mail {rPois}
rPois   +            (helmet currently unavailable)
rElec   .            b - melded +0 cloak
rCorr   +            (gloves currently unavailable)
SInv    .            (boots currently unavailable)
Will    .....        E - amulet of faith
Stlth   +            q - ring of resist corrosion
HPRegen 0.31/turn    (no ring)
MPRegen 0.11/turn

%: faith
@: beast-form
A: beast (slay +6), horns 2, retaliatory headbutt
a: Begin Untransformation, Renounce Religion, Berserk, Trog's Hand


You were on level 8 of the Dungeon.
You worshipped Trog.
Trog was most pleased with you.
You were a hulking beast.
You visited 2 branches of the dungeon, and saw 9 of its levels.

You collected 303 gold pieces.

Inventory:

Hand Weapons
 y - a +0 sling of freezing
Armour
 a - a +0 animal skin
 b - a +0 cloak (melded)
 u - a +2 robe of positive energy
 A - a +2 ring mail of poison resistance (worn)
 B - a +0 plate armour
 F - the +0 ring mail of the Forsaken Knaves {Str+8}
   (You found it on level 5 of the Dungeon)

   Str:       It affects your strength (+8).
 K - a +0 pair of gloves
 M - a +0 pair of boots
Jewellery
 q - a ring of resist corrosion (left hand)
 E - an amulet of faith (around neck)
Talismans
 c - a beast talisman
 v - a granite talisman
 G - a maw talisman
 L - a serpent talisman
Wands
 w - a wand of polymorph (18)
 I - a wand of iceblast (19)
Scrolls
 d - 2 scrolls of brand weapon {unknown}
 e - 2 scrolls of fear {unknown}
 g - 8 scrolls of identify {unknown}
 n - a scroll of fog {unknown}
 p - 2 scrolls of acquirement {unknown}
 r - a scroll of teleportation {unknown}
 s - a scroll of vulnerability {unknown}
 D - a scroll of summoning {unknown}
 H - a scroll of poison {unknown}
 J - a scroll of enchant weapon {unknown}
 N - a scroll of revelation {unknown}
 O - a scroll of torment {unknown}
 P - a scroll of amnesia {unknown}
Potions
 f - a potion of curing {unknown}
 h - a potion of enlightenment {unknown}
 i - 3 potions of ambrosia {unknown}
 j - 2 potions of cancellation {unknown}
 k - 3 potions of haste {unknown}
 l - 2 potions of brilliance {unknown}
 m - a potion of mutation {unknown}
 o - 3 potions of resistance {unknown}
 t - 2 potions of attraction {unknown}
 x - a potion of might {unknown}
 z - 2 potions of heal wounds {unknown}
 C - a potion of berserk rage {unknown}


   Skills:
 - Level 1.2 Fighting
 - Level 2.2 Dodging
 - Level 11.7 Unarmed Combat
 + Level 8.6 Shapeshifting


You had 9 spell levels left.
You didn't know any spells.
Your spell library contained the following spells:

 Spells                   Type           Power      Damage    Failure   Level
 Freeze                   Ice            0%         1d3       67%         1
 Blink                    Tloc           0%         N/A       80%         2
 Lesser Beckoning         Tloc           0%         N/A       80%         2
 Momentum Strike          Conj/Tloc      0%         3d8       80%         2
 Frozen Ramparts          Ice            0%         1d1       95%         3
 Hailstorm                Conj/Ice       0%         3d3       95%         3


Dungeon Overview and Level Annotations

Branches:
Dungeon (8/15)             Temple (1/1) D:4
   Lair: D:8-11

Altars:
Ashenzari
Cheibriados
Dithmenos
Elyvilon
Fedhas
Gozag
Hepliaklqana
Kikubaaqudgha
Makhleb
Nemelex Xobeh
Okawaru
Ru
Sif Muna
Trog
Uskayaw
Vehumet
Wu Jian
Xom
Zin

Shops:
D:1 !


Innate Abilities, Weirdness & Mutations

You are a hulking beast.
Your limbs bulge with bestial killing power. (Slay +6)
You have a pair of horns on your head.
You reflexively headbutt those who attack you in melee.


Message History

Something hits you. x2
Why would you want to do that? Why would you want to do that?
Why would you want to do that? Something hits you. x2
Found 13 gold pieces.
Something hits you but does no damage.
You enter the shallow water.
Moving in this stuff is going to be slow.
Something hits you.
Something enters a dispersal trap!
You blink.
Something hits you but does no damage.
Really walk into that dispersal trap? [Y]es or [N]o only, please.
Really walk into that dispersal trap? [Y]es or [N]o only, please.
Really walk into that dispersal trap?
You enter a dispersal trap!
You blink.
Why would you want to do that? Something hits you but does no damage.
You hit something. Something hits you but does no damage. Something hits you.
Something hits you! Something hits you. Something hits you but does no damage.
You enter the shallow water.
Moving in this stuff is going to be slow.
Something hits you! Something hits you!
* * * LOW HITPOINT WARNING * * *
You hear a splashing noise.
Something hits you but does no damage.
You see here a killer bee corpse.
Things that are here:
a +0 hand axe; a +0 plate armour A centaur comes into view.
The centaur shouts!
The centaur wields a +0 shortbow.
The centaur shoots an arrow.
The arrow hits you!
* * * LOW HITPOINT WARNING * * *
Something hits you!
You die...

######## ###†.)h..###
###^..####...########
###..~###
###≈..##...## ##
##....##
##c.†)##..###.
##$~..##
##..†.##.....
#####...≈#...#
##≈..^#.....
#...#~...#$^##
#...≈#.....
#.###.~~.#8.#
#.~~.#..### #.#
#...~#..# #~...#...#


You could see a centaur.

Vanquished Creatures
  A shadow (D:8)
  7 yaks
  2 water moccasins
  3 black bears
  2 ice beasts
  3 sky beasts
  2 orc warriors
  2 ogres
  A centaur (D:7)
  A phantom (D:7)
  A kobold brigand (D:7)
  8 bullfrogs
  A gnoll sergeant (D:7)
  4 scorpions
  14 killer bees
  A howler monkey (D:6)
  5 hounds
  2 jellies
  A gnoll bouda (D:7)
  11 iguanas
  5 orc priests
  2 sleepcaps
  7 orc wizards
  8 adders
  10 gnolls
  A shadow imp (D:6)
  2 white imps
  3 ufetubi
  A worm (D:5)
  3 dart slugs
  25 orcs
  2 endoplasms
  4 giant cockroaches
  8 goblins
  3 hobgoblins
  3 quokkas
  8 ball pythons
  2 bats
  3 frilled lizards
  8 kobolds
  4 rats
184 creatures vanquished.

Notes
Turn   | Place    | Note
-------+----------+-------------------------------------------
     0 | D:1      | Dordric the Minotaur Shapeshifter began the quest for the
                  | Orb.
     0 | D:1      | Reached XP level 1. HP: 16/16 MP: 0/0
   212 | D:1      | Reached XP level 2. HP: 22/23 MP: 1/1
   539 | D:1      | Found Sakhli Noguwk's Distillery.
  1125 | D:2      | Found a faded altar of an unknown god.
  1356 | D:3      | Reached skill level 4 in Unarmed Combat
  1356 | D:3      | Reached XP level 3. HP: 20/28 MP: 2/2
  1491 | D:3      | Found a white marble altar of Elyvilon.
  1578 | D:3      | HP: 1/28 [iguana (4)]
  1580 | D:3      | Reached XP level 4. HP: 2/35 MP: 3/3
  1868 | D:3      | Found an ornate altar of the Wu Jian Council.
  1869 | D:3      | Found a burning altar of Makhleb.
  2334 | D:4      | Found a hide-covered altar of Uskayaw.
  2342 | D:4      | Reached skill level 5 in Unarmed Combat
  2342 | D:4      | Reached XP level 5. HP: 40/40 MP: 4/4
  2503 | D:4      | Noticed a yak
  2503 | D:4      | Noticed a yak
  2504 | D:4      | Noticed a yak
  2505 | D:4      | Noticed a yak
  2507 | D:4      | Noticed a yak
  2510 | D:4      | Noticed a yak
  2512 | D:4      | Killed a yak
  2513 | D:4      | Reached XP level 6. HP: 47/47 MP: 5/5
  2516 | D:4      | Killed a yak
  2517 | D:4      | Reached skill level 6 in Unarmed Combat
  2528 | D:4      | Killed a yak
  2529 | D:4      | Reached XP level 7. HP: 35/52 MP: 6/6
  2529 | D:4      | Killed a yak
  2530 | D:4      | Reached skill level 7 in Unarmed Combat
  2534 | D:4      | Killed a yak
  2535 | D:4      | Reached skill level 5 in Shapeshifting
  2537 | D:4      | Killed a yak
  2538 | D:4      | Reached skill level 8 in Unarmed Combat
  2538 | D:4      | Reached XP level 8. HP: 21/59 MP: 7/7
  2879 | D:4      | Found a staircase to the Ecumenical Temple.
  2949 | Temple   | Entered the Ecumenical Temple
  2972 | Temple   | Became a worshipper of Trog the Wrathful
  3595 | D:5      | Entered Level 5 of the Dungeon
  4010 | D:5      | Reached skill level 9 in Unarmed Combat
  4157 | D:5      | Reached * piety under Trog
  4774 | D:5      | Reached XP level 9. HP: 63/64 MP: 8/8
  4809 | D:5      | Identified the +0 ring mail of the Forsaken Knaves {Str+8}
  4935 | D:5      | Reached skill level 10 in Unarmed Combat
  5509 | D:6      | Reached ** piety under Trog
  5960 | D:7      | Reached skill level 11 in Unarmed Combat
  6127 | D:7      | Found a shimmering altar of Xom.
  6128 | D:7      | Found a shimmering altar of Xom.
  6128 | D:7      | Found a shimmering altar of Xom.
  6128 | D:7      | Found a shimmering altar of Xom.
  6129 | D:7      | Found a shimmering altar of Xom.
  6131 | D:7      | Found a shimmering altar of Xom.
  6378 | D:7      | Found an iron altar of Okawaru.
  6729 | D:7      | Found a blossoming altar of Fedhas.
  6751 | D:7      | Reached XP level 10. HP: 34/71 MP: 9/9
  7342 | D:8      | Reached *** piety under Trog
  7520 | D:8      | Found a sacrificial altar of Ru.
  7841 | D:8      | Found a snail-covered altar of Cheibriados.
  8102 | D:8      | Slain by an unseen horror

Illustrated notes

Levels and vault maps discovered:
D:1:      psy_arrival_basics, layout_loops_cross, serial_shops,
          nicolae_shop_pleasant_corner_grove
D:2:      layout_loops_cross, basic_ecumenical_altar
D:3:      layout_loops_corners, mainiacjoe_overflow_catch_the_wave,
          mainiacjoe_overflow_brackets
D:4:      layout_basic, mainiacjoe_overflow_catwalk,
          minmay_temple_entry_sparse_star
D:5:      minmay_bubble_buster, layout_basic
D:6:      minmay_chambers_of_threes, layout_loops_cross, minmay_ogre_servants,
          uniq_pikel, uniq_crazy_yiuf_cottage
D:7:      layout_loops_ring, mainiacjoe_overflow_surrounded_room,
          okawaru_ov_weapons_minmay, xom_redecorated, serial_glass,
          glass_columns_a, glass_columns_b, minmay_door_square
D:8:      layout_loops_ring, kennysheep_slug_shrine,
          nicolae_ru_great_annihilating_truth, hangedman_abyss_or_decor_stabs,
          hangedman_decor_clover_reticule, nzn_random_ring
Temple:   compressed_dpeg_circular_temple

Skill      XL: |  1  2  3  4  5  6  7  8  9 10 |
---------------+-------------------------------+-----
Unarmed Combat | 4 5 6 8 9 11 | 11.7
Shapeshifting  | 3 4 5 6 7 8 |  8.6
Fighting       | |  1.2
Dodging        | |  2.2

Action                     |  1- 3 |  4- 6 |  7- 9 | 10-12 || total
---------------------------+-------+-------+-------+-------++-------
  Melee: Unarmed           |    55 |    47 |   227 |    66 ||   395
         Headbutt          |    11 |     1 |    48 |    10 ||    70
         Punch             |       |     2 |     7 |     3 ||    12
   Fire: Sling             |       |       |     4 |       ||     4
 Invoke: Berserk           |       |       |     3 |       ||     3
         Trog's Hand       |       |       |     2 |       ||     2
    Use: Potion            |       |     1 |       |       ||     1
   Stab: Sleeping          |       |     2 |       |       ||     2
         Paralysed         |       |       |       |     1 ||     1
 Armour: Animal skin       |     3 |       |       |       ||     3
         Robe              |       |     9 |    11 |       ||    20
         Skin              |       |     9 |     2 |       ||    11
         Ring mail         |       |       |    40 |    27 ||    67
  Dodge: Dodged            |    29 |    14 |   116 |    42 ||   201
   Form: Beast             |       |     1 |     1 |       ||     2
         Statue            |       |     1 |       |       ||     1
                           |       |       |     1 |       ||     1

Table legend: (Time is in decaauts)
 A = Elapsed time spent in this place.
 B = Non-inter-level travel time spent in this place.
 C = Inter-level travel time spent in this place.
 D = Time resting spent in this place.
 E = Time spent auto-exploring this place.
 F = Levels seen in this place.
 G = Mean time per level.
                   A        B        C        D        E       F      G
               +--------+--------+--------+--------+--------+-----+--------+
         Total |   8121 |   7854 |    267 |   1059 |   5488 |   9 |  902.3 |
       Dungeon |   8080 |   7830 |    250 |   1059 |   5488 |   8 | 1010.0 |
        Temple |     40 |     23 |     17 |      0 |      0 |   1 |   40.0 |
               +--------+--------+--------+--------+--------+-----+--------+

Top non-repeatable levels by time:
     D:5: 1526 daAuts
     D:7: 1304 daAuts
     D:4: 1242 daAuts
     D:3: 1015 daAuts
     D:8: 887 daAuts
     D:6: 774 daAuts
     D:1: 737 daAuts
     D:2: 592 daAuts
  Temple: 40 daAuts
